 Dungeon Crawl Stone Soup version 0.31-a0-1370-gf52a5a9ab3 (webtiles) character file.

Game seed: 7504774819026545301

54 croobank the Firebug (level 3, -2/26 HPs)
             Began as a Demigod Fire Elementalist on Dec 24, 2023.
             Slain by Robin
             ... wielding a +0 dagger
              (3 damage)
             ... on level 2 of the Dungeon.
             The game lasted 00:03:07 (1620 turns).

croobank the Firebug (Demigod Fire Elementalist)    Turns: 1620, Time: 00:03:08

Health: -2/26      AC:  2    Str:  9    XL:     3   Next: 44%
Magic:  4/8        EV: 12    Int: 21    God:
Gold:   63         SH:  0    Dex: 14    Spells: 0/6 levels left

rFire   . . .        a - +0 dagger (venom)
rCold   . . .        (no shield)
rNeg    . . .        c - +0 robe
rPois   .            (no helmet)
rElec   .            (no cloak)
rCorr   .            (no gloves)
SInv    .            (no boots)
Will    .....        (no amulet)
Stlth   ++           (no ring)
HPRegen 0.24/turn    (no ring)
MPRegen 0.11/turn

%: no passive effects
@: very slightly contaminated
A: high MP 1, forlorn, divine attributes
a: no special abilities


You were on level 2 of the Dungeon.
You visited 1 branch of the dungeon, and saw 2 of its levels.

You collected 63 gold pieces.

Inventory:

Hand Weapons
 a - a +0 dagger of venom (weapon)
 f - a +0 short sword
Armour
 c - a +0 robe (worn)
 e - a +0 ring mail
Magical Staves
 l - a staff of cold
Jewellery
 g - a ring of fire
Scrolls
 d - 2 scrolls of enchant armour {unknown}
 h - a scroll of blinking {unknown}
 i - a scroll of teleportation {unknown}
 k - a scroll of identify {unknown}
Potions
 j - a potion of might {unknown}


   Skills:
 + Level 2.2 Dodging
 + Level 2.3 Stealth
 + Level 2.1 Spellcasting
 + Level 1.5 Conjurations
 + Level 0.3 Hexes
 + Level 3.0 Fire Magic


You couldn't memorise any spells.
You knew the following spells:

 Your Spells              Type           Power      Damage    Failure   Level
a - Foxfire               Conj/Fire      44%        2x1d6     5%          1
b - Scorch                Fire           30%        2d6       6%          2
c - Inner Flame           Hex/Fire       9%         N/A       22%         3

Your spell library contained the following spells:

 Spells                   Type           Power      Damage    Failure   Level
 Sting                    Conj/Alch      20%        1d4       11%         1
 Mercury Vapours          Alch/Air       4%         N/A       22%         2
 Volatile Blastmotes      Fire/Tloc      16%        2d11      24%         3
 Flame Wave               Conj/Fire      11%        2d6       50%         4
 Olgreb's Toxic Radiance  Alch           2%         N/A       82%         4


Dungeon Overview and Level Annotations

Branches:
Dungeon (2/15)

Annotations:
D:2 Robin


Innate Abilities, Weirdness & Mutations

You have an increased reservoir of magic. (+10% MP)
You shall have no god before yourself.
Your divine heritage dramatically boosts your attributes as you level up.


Message History

Casting: Scorch (safe; 6% risk of failure)
Confirm with . or Enter, or press ? or * to list all spells.
Flames lash Robin.
Robin is lightly wounded.
Robin's fire resistance burns away.
You hear a shout!
A goblin comes into view. It is wielding a +0 dagger.
The hobgoblin hits you.
A goblin comes into view. It is wielding a +0 club.
Casting: Scorch (safe; 6% risk of failure)
Confirm with . or Enter, or press ? or * to list all spells.
Flames lash the hobgoblin.
You kill the hobgoblin!
Robin's horned helmet rattles.
Casting: Scorch (safe; 6% risk of failure)
Confirm with . or Enter, or press ? or * to list all spells.
You don't have enough magic to cast this spell.
Magic courses through your body.
A goblin comes into view. It is wielding a +0 dagger. x2
Robin throws the goblin at you!
Casting: Scorch (safe; 6% risk of failure)
Confirm with . or Enter, or press ? or * to list all spells.
Flames lash the goblin.
You kill the goblin!
You hear a shout!
Robin is no longer more vulnerable to fire.
Robin throws the goblin at you! The goblin hits you with a +0 dagger.
* * * LOW HITPOINT WARNING * * *
You hear an angry hiss.
Casting: Scorch (safe; 6% risk of failure)
Confirm with . or Enter, or press ? or * to list all spells.
Flames lash Robin.
Robin is moderately wounded.
Robin's fire resistance burns away.
The goblin hits you with a +0 dagger.
* * * LOW HITPOINT WARNING * * *
A goblin comes into view. It is wielding a +0 dagger.
A hobgoblin comes into view.
Robin hits you with a +0 dagger.
You die...
Robin says, "And that's why I'm the boss."

...#####.#######
#.# #.# #.#
###.###.#######
..............#
####.###)#####.#
....)###g#
....g.g@g#
##g#g#####


You could see Robin (combustible), a hobgoblin (strong) and 4 goblins.

Vanquished Creatures
  A gnoll (D:1)
  A ball python (D:1)
  5 bats (D:1)
  4 endoplasms (D:1)
  3 giant cockroaches (D:1)
  9 goblins
  2 hobgoblins
  3 quokkas (D:1)
  3 frilled lizards (D:1)
  5 kobolds
  4 rats (D:1)
40 creatures vanquished.

Vanquished Creatures (others)
  83 foxfires (D:1)
83 creatures vanquished.

Grand Total: 123 creatures vanquished

Notes
Turn   | Place    | Note
-------+----------+-------------------------------------------
     0 | D:1      | croobank the Demigod Fire Elementalist began the quest for
                  | the Orb.
     0 | D:1      | Reached XP level 1. HP: 14/14 MP: 5/5
   123 | D:1      | Reached skill level 1 in Conjurations
   200 | D:1      | Reached XP level 2. HP: 20/20 MP: 0/7
   401 | D:1      | Learned a level 2 spell: Scorch
   695 | D:1      | Reached skill level 3 in Fire Magic
   759 | D:1      | Reached XP level 3. HP: 26/26 MP: 5/8
   763 | D:1      | Learned a level 3 spell: Inner Flame
  1609 | D:2      | Noticed Robin
  1620 | D:2      | HP: 1/26 [goblin/+0 dagger[Robin] (5)]
  1620 | D:2      | Slain by Robin

Illustrated notes

Levels and vault maps discovered:
D:1:      eino_arrival_cavern_d, layout_basic
D:2:      layout_basic, basic_altar, minmay_fractal_squares_5, uniq_robin,
          uniq_jessica, uniq_crazy_yiuf_cottage

Skill      XL: |  1  2 |
---------------+-------+-----
Conjurations   | 1 |  1.5
Stealth        | 2 |  2.3
Dodging        | 2 |  2.2
Spellcasting   | 2 |  2.1
Fire Magic     | 3 |  3.0
Hexes          | |  0.3

Action                     || total
---------------------------++-------
  Melee: Short sword       ||     6
         Dagger            ||     9
   Cast: Foxfire           ||    50
         Scorch            ||    12
    Use: Potion            ||     1
 Armour: Robe              ||    18
  Dodge: Dodged            ||     9

Table legend: (Time is in decaauts)
 A = Elapsed time spent in this place.
 B = Non-inter-level travel time spent in this place.
 C = Inter-level travel time spent in this place.
 D = Time resting spent in this place.
 E = Time spent auto-exploring this place.
 F = Levels seen in this place.
 G = Mean time per level.
                   A        B        C        D        E       F      G
               +--------+--------+--------+--------+--------+-----+--------+
         Total |   1618 |   1582 |     36 |    463 |    849 |   2 |  809.0 |
       Dungeon |   1618 |   1582 |     36 |    463 |    849 |   2 |  809.0 |
               +--------+--------+--------+--------+--------+-----+--------+

Top non-repeatable levels by time:
     D:1: 1571 daAuts
     D:2: 46 daAuts
